 Dungeon Crawl Stone Soup version 0.28-a0-1555-g9ae15a6949 (webtiles) character file.

Game seed: 12505387580329806341

61 gruber the Conjurer (level 3, 0/26 HPs)
             Began as a Draconian Conjurer on Jan 18, 2022.
             Succumbed to an orc's poison
             ... on level 1 of the Dungeon.
             The game lasted 00:01:58 (1725 turns).

gruber the Conjurer (Draconian Conjurer)            Turns: 1725, Time: 00:01:58

Health: 0/26       AC:  5    Str:  9    XL:     3   Next: 83%
Magic:  6/6        EV: 12    Int: 20    God:
Gold:   20         SH:  0    Dex:  9    Spells: 3/6 levels left

rFire   . . .      SeeInvis .   (no weapon)
rCold   . . .      Faith    .   (no shield)
rNeg    . . .      Spirit   .   (armour unavailable)
rPois   .          Reflect  .   (helmet restricted)
rElec   .          Harm     .   (no cloak)
rCorr   .          Rampage  .   (no gloves)
Will    .....                   (no boots)
Stlth   ++........              (no amulet)
HPRegen 0.08/turn               (no ring)
MPRegen 0.10/turn               (no ring)

@: lethally poisoned (0 -> -9)
A: AC +5, unfitting armour, cold-blooded
a: no special abilities


You were on level 1 of the Dungeon.
You visited 1 branch of the dungeon, and saw 2 of its levels.

You collected 20 gold pieces.

Inventory:

Scrolls
 b - a scroll of blinking {unknown}
 c - a scroll of amnesia {unknown}
 d - a scroll of fog {unknown}
 e - a scroll of teleportation {unknown}


   Skills:
 - Level 1.7 Dodging
 - Level 1.7 Stealth
 + Level 2.4 Spellcasting
 + Level 5.3 Conjurations


You had 3 spell levels left.
You knew the following spells:

 Your Spells              Type           Power      Damage    Failure   Level
a - Magic Dart            Conj           92%        1d7       1%          1
b - Searing Ray           Conj           46%        2d6       2%          2

Your spell library contained the following spells:

 Spells                   Type           Power      Damage    Failure   Level
 Dazzling Flash           Conj/Hex       26%        N/A       16%         3
 Fulminant Prism          Conj/Hex       6%         3d7       45%         4
 Iskenderun's Mystic Bla  Conj/Tloc      13%        2d5       45%         4


Dungeon Overview and Level Annotations

Branches:
Dungeon (2/15)

Altars:


Innate Abilities, Weirdness & Mutations

Your plain brown scales are hard. (AC +5)
You cannot fit into any form of body armour.
You are cold-blooded and may be slowed by cold attacks.


Message History

a +0 dagger; an orc corpse
Things that are here:
a +0 mace; a +0 leather armour; an orc corpse The orc priest looks encouraged for a moment.
There is a stone staircase leading up here.
You climb upwards.
There is a stone staircase leading down here.
You start resting.
HP restored.
You climb downwards.
The orc hits you but does no damage. x2
You are poisoned.
There is a stone staircase leading up here.
You feel very sick. The orc hits you but does no damage.
You are more poisoned.
You climb upwards.
You feel very sick.
There is a stone staircase leading down here.
Casting: Magic Dart (safe; 1% risk of failure)
Confirm with . or Enter, or press ? or * to list all spells.
Aiming: Searing Ray (safe; 2% risk of failure)
Press: ? - help, Shift-Dir - straight line, f - orc
Aim: an orc, wielding a +1 dagger of venom (78% to hit)
The searing ray hits the orc.
The orc is heavily wounded. (Press . to maintain the ray.)
You feel very sick.
The orc hits you with a +1 dagger of venom.
You are lethally poisoned!
Unknown command.
The searing ray hits the orc!
You kill the orc!
You feel very sick.
It was a potion of magic.
Magic courses through your body.
* * * LOW HITPOINT WARNING * * *
You feel very sick.
* * * LOW HITPOINT WARNING * * *
You feel very sick.
You see here a +1 dagger of venom.
You die...

#.##.........# #..
################.##.........# #..
#......[.........##.........# #..
#................############ ###
#................# #########
#.........######.# #.......#
+.........######.#####.#####.#
#.........+............#####.####
#.........######@................
................)..........#.....
###############≈######.#####≈≈≈≈≈
#≈.#.#...#....≈....
#≈.#.#.###.≈≈≈≈.###
#≈.#.#.#...≈.......
#≈.#.#.#.≈≈≈.######
#≈.#.#...≈.........
#≈...#.≈≈≈.≈≈≈≈≈.##


There were no monsters in sight!

Vanquished Creatures
  A hound (D:1)
  An adder (D:2)
  4 orcs
  3 bats
  3 endoplasms
  2 goblins
  A hobgoblin (D:1)
  2 ball pythons (D:1)
  A frilled lizard (D:1)
18 creatures vanquished.

Notes
Turn   | Place    | Note
-------+----------+-------------------------------------------
     0 | D:1      | gruber the Draconian Conjurer began the quest for the Orb.
     0 | D:1      | Reached XP level 1. HP: 14/14 MP: 3/3
   570 | D:1      | Found a faded altar of an unknown god.
   570 | D:1      | Noticed a ynoxinul
   713 | D:1      | Reached XP level 2. HP: 18/20 MP: 1/5
   716 | D:1      | Learned a level 2 spell: Searing Ray
  1204 | D:1      | Reached skill level 5 in Conjurations
  1204 | D:1      | Reached XP level 3. HP: 8/26 MP: 0/6
  1725 | D:1      | Succumbed to an orc's poison

Illustrated notes

Levels and vault maps discovered:
D:1:      psy_arrival_radial02, layout_basic,
          dreamdust_ecumenical_altar_sealed_demon
D:2:      cheibrodos_pilgrimage, layout_loops_ring, serial_forest,
          infiniplex_forest_zigzag_2, infiniplex_forest_clump_double,
          infiniplex_forest_lined_room_3, infiniplex_forest_clump_tiny

Skill      XL: |  1  2 |
---------------+-------+-----
Conjurations   | 5 |  5.3
Dodging        | |  1.7
Stealth        | |  1.7
Spellcasting   | |  2.4

Action                   || total
-------------------------++-------
Melee: Unarmed           ||    10
       Tailslap          ||     1
 Cast: Magic Dart        ||    30
       Searing Ray       ||     3
  Use: Potion            ||     1
Armor: Skin              ||    22
Dodge: Dodged            ||    35

Table legend: (Time is in decaauts)
 A = Elapsed time spent in this place.
 B = Non-inter-level travel time spent in this place.
 C = Inter-level travel time spent in this place.
 D = Time resting spent in this place.
 E = Time spent auto-exploring this place.
 F = Levels seen in this place.
 G = Mean time per level.
                   A        B        C        D        E       F      G
               +--------+--------+--------+--------+--------+-----+--------+
         Total |   1735 |   1689 |     46 |    129 |   1352 |   2 |  867.5 |
       Dungeon |   1735 |   1689 |     46 |    129 |   1352 |   2 |  867.5 |
               +--------+--------+--------+--------+--------+-----+--------+

Top non-repeatable levels by time:
     D:1: 1382 daAuts
     D:2: 352 daAuts
